 Dungeon Sprint DCSS version 0.22.1-1-ga44c0e5 (webtiles) character file.

4768 Lauz the Severer (level 10, -6/156 HPs)
             Began as a Minotaur Berserker on Nov 8, 2018.
             Was a High Priest of Trog.
             Mangled by a 14-headed hydra (11 damage)
             ... in the Dungeon (Sprint I: "Red Sonja").
             The game lasted 00:05:22 (2070 turns).

Lauz the Severer (Minotaur Berserker)               Turns: 2070, Time: 00:05:23

Health: -6/156     AC:  4    Str: 29    XL:     10   Next: 23%
Magic:  9/9        EV: 19    Int:  4    God:    Trog [*****.]
Gold:   549        SH:  0    Dex: 11    Spells: 9/9 levels left

rFire    . . .     SeeInvis .   n - +2 battleaxe (elec)
rCold    . . .     Gourm    .   (shield currently unavailable)
rNeg     . . .     Faith    .   j - +0 leather armour
rPois    .         Spirit   .   (helmet restricted)
rElec    .         Reflect  .   (no cloak)
rCorr    .         Harm     .   (no gloves)
MR       .....     NoTele   +   (no boots)
Stlth    ..........             (no amulet)
HPRegen  0.36/turn              (no ring)
MPRegen  0.11/turn              (no ring)

@: berserking, very quick
A: retaliatory headbutt, horns 2
a: Berserk, Trog's Hand, Brothers in Arms, Renounce Religion


You were in the Dungeon.
You worshipped Trog.
Trog was extremely pleased with you.
You were near starving.

You visited 1 branch You collected 549 gold pieces.

Inventory:

Hand Weapons
 a - a +0 hand axe
 l - a +2 hand axe of chopping
 n - a +2 battleaxe of electrocution (weapon)
 o - a +2 antimagic broad axe
Missiles
 c - 7 javelins of returning (quivered)
Armour
 b - a +0 animal skin
 j - a +0 leather armour (worn)
Wands
 k - a wand of random effects (8)
Scrolls
 i - a scroll of blinking
Potions
 d - 2 potions of curing
 e - a potion of heal wounds
 f - a potion of haste
 g - 2 potions of magic
 h - a potion of berserk rage


   Skills:
 - Level 14.9 Fighting
 + Level 15.7 Axes
 * Level 11.9 Armour
 * Level 13.4 Dodging


You had 9 spell levels left.
You didn't know any spells.
Your spell library was empty.

Dungeon Overview and Level Annotations

Branches:
Dungeon (1/1)

Altars:
Cheibriados
Dithmenos
Elyvilon
Fedhas
Gozag
Hepliaklqana
Kikubaaqudgha
Makhleb
Nemelex Xobeh
Okawaru
Qazlal
Ru
Sif Muna
Trog
Uskayaw
Vehumet
Wu Jian
Xom
Yredelemnul
Zin
The Shining One
Jiyva
Lugonu

Shops:
D (


Innate Abilities, Weirdness & Mutations

You reflexively headbutt those who attack you in melee.
You have a pair of horns on your head.


Message History

* * * LOW HITPOINT WARNING * * *
The 13-headed hydra bites you.
* * * LOW HITPOINT WARNING * * *
The 13-headed hydra bites you but does no damage.
The 13-headed hydra misses you.
You hack one of the 13-headed hydra's heads off!
The 12-headed hydra grows two more!
You slice the 14-headed hydra!!
Lightning courses through the 14-headed hydra!
The 14-headed hydra is severely wounded.
The 14-headed hydra misses you. You furiously retaliate!
You headbutt the 14-headed hydra!
The 14-headed hydra completely misses you.
The 14-headed hydra bites you!
* * * LOW HITPOINT WARNING * * *
The 14-headed hydra closely misses you. The 14-headed hydra bites you.
* * * LOW HITPOINT WARNING * * *
The 14-headed hydra misses you. The 14-headed hydra bites you!
* * * LOW HITPOINT WARNING * * *
The 14-headed hydra bites you!
You die...

#####################
..#(.#§§..§§§§§§@DG$#
..##§#.####§.§§§##$.+
..'.§#§# ##..§## ##
###).§.# ###+# ##
#+#### #.##$$$# #...
#.§###$# #..§§
##.#A#$# ###.§§
§###$# §§.# ##..$#


You could see a 14-headed hydra and a floating eye.

Vanquished Creatures
  A lindwurm (D)
  A gargoyle (D)
  4 demonic crawlers (D)
  2 kobold demonologists (D)
  A slime creature (D)
  Sigmund (D)
  A yak (D)
  13 hogs (D)
  A floating eye (D)
  An ogre (D)
  A jelly (D)
  Ijyb (D)
28 creatures vanquished.

Vanquished Creatures (others)
  A gargoyle (D)
1 creature vanquished.

Grand Total: 29 creatures vanquished

Notes
Turn   | Place    | Note
-------+----------+-------------------------------------------
     0 | D        | Lauz the Minotaur Berserker began the quest for the Orb.
     0 | D        | Reached XP level 1. HP: 19/19 MP: 0/0
     2 | D        | Noticed Ijyb
     5 | D        | Killed Ijyb
     5 | D        | Reached skill level 5 in Fighting
     5 | D        | Reached skill level 5 in Axes
     5 | D        | Reached XP level 2. HP: 29/29 MP: 1/1
    19 | D        | Noticed an ogre
    26 | D        | Killed an ogre
    26 | D        | Reached skill level 7 in Axes
    26 | D        | Reached XP level 3. HP: 7/40 MP: 2/2
    26 | D        | Reached XP level 4. HP: 8/48 MP: 3/3
   279 | D        | Noticed Sigmund
   284 | D        | Killed Sigmund
   284 | D        | Reached ** piety under Trog
   284 | D        | Reached skill level 10 in Fighting
   284 | D        | Reached skill level 10 in Axes
   284 | D        | Reached skill level 5 in Armour
   284 | D        | Reached skill level 5 in Dodging
   284 | D        | Reached XP level 5. HP: 40/58 MP: 4/4
   284 | D        | Reached XP level 6. HP: 45/66 MP: 5/5
   393 | D        | Found a deep blue altar of Sif Muna.
   394 | D        | Found an ornate altar of the Wu Jian Council.
   395 | D        | Found a radiant altar of Vehumet.
   406 | D        | Noticed a centaur warrior
   431 | D        | Found Wieth's Antique Weapon Emporium.
   431 | D        | Found an ancient bone altar of Kikubaaqudgha.
   431 | D        | Found a hazy altar of Hepliaklqana.
   431 | D        | Found a stormy altar of Qazlal.
   431 | D        | Found a hide-covered altar of Uskayaw.
   431 | D        | Found a blossoming altar of Fedhas.
   431 | D        | Found a bloodstained altar of Trog.
   431 | D        | Found an iron altar of Okawaru.
   431 | D        | Found a basalt altar of Yredelemnul.
   431 | D        | Found a glowing golden altar of the Shining One.
   431 | D        | Found a snail-covered altar of Cheibriados.
   431 | D        | Found a sacrificial altar of Ru.
   431 | D        | Found a glowing silver altar of Zin.
   431 | D        | Found a shadowy altar of Dithmenos.
   431 | D        | Found a white marble altar of Elyvilon.
   431 | D        | Noticed a yak
   437 | D        | Killed a yak
   437 | D        | Reached skill level 11 in Axes
   438 | D        | Found an opulent altar of Gozag.
   439 | D        | Found a sparkling altar of Nemelex Xobeh.
   536 | D        | Found a viscous altar of Jiyva.
   536 | D        | Found a corrupted altar of Lugonu.
   536 | D        | Noticed a slime creature
   537 | D        | Found a burning altar of Makhleb.
   537 | D        | Found a shimmering altar of Xom.
   544 | D        | Killed a slime creature
   544 | D        | Reached *** piety under Trog
   544 | D        | Reached skill level 12 in Axes
   544 | D        | Reached XP level 7. HP: 50/77 MP: 6/6
   675 | D        | Noticed a kobold demonologist
   676 | D        | Noticed a kobold demonologist
   681 | D        | Noticed a smoke demon
   683 | D        | Noticed a rust devil
   683 | D        | Noticed a red devil
   683 | D        | Paralysed by a floating eye for 2 turns
   689 | D        | Noticed a hellwing
   689 | D        | Killed a kobold demonologist
   689 | D        | Killed a kobold demonologist
   689 | D        | Reached **** piety under Trog
   689 | D        | Reached skill level 13 in Axes
   689 | D        | Reached XP level 8. HP: 23/86 MP: 7/7
   978 | D        | Noticed a demonic crawler
   978 | D        | Noticed a demonic crawler
   978 | D        | Noticed a demonic crawler
   978 | D        | Noticed a demonic crawler
   984 | D        | Killed a demonic crawler
   984 | D        | Reached skill level 14 in Axes
   986 | D        | Killed a demonic crawler
   992 | D        | Killed a demonic crawler
   992 | D        | Received a gift from Trog
   992 | D        | Reached XP level 9. HP: 96/96 MP: 8/8
   996 | D        | Killed a demonic crawler
   996 | D        | Reached skill level 15 in Axes
  1122 | D        | Noticed a gargoyle
  1137 | D        | Killed a gargoyle
  1350 | D        | Noticed a lindwurm
  1359 | D        | Killed a lindwurm
  1359 | D        | Reached ***** piety under Trog
  1359 | D        | Reached skill level 10 in Armour
  1652 | D        | Received a gift from Trog
  1665 | D        | Reached XP level 10. HP: 90/104 MP: 9/9
  1677 | D        | Received a gift from Trog
  1959 | D        | Killed a gargoyle
  1973 | D        | Noticed a daeva
  2067 | D        | Noticed a 12-headed hydra
  2070 | D        | HP: 5/156 [14-headed hydra (8)]
  2070 | D        | Mangled by a 14-headed hydra

Skill      XL: |  1  2  3  4  5  6  7  8  9 10 |
---------------+-------------------------------+-----
Fighting       | 5 7 10 12 13 14 | 14.9
Axes           | 5 7 10 12 13 14 15 | 15.7
Armour         | 3 4 5 6 7 8 11 | 11.9
Dodging        | 3 4 5 6 7 8 12 13 | 13.4

Action                   |  1- 3 |  4- 6 |  7- 9 | 10-12 || total
-------------------------+-------+-------+-------+-------++-------
Melee: Hand axe          |     9 |    17 |    61 |    23 ||   110
       Headbutt          |     3 |     4 |    17 |     5 ||    29
       Battleaxe         |       |       |       |     2 ||     2
Invok: Berserk           |       |       |     3 |     1 ||     4
  Eat: Ration            |       |       |     1 |       ||     1
       Chunk             |       |       |       |     2 ||     2
Armor: Leather armour    |       |     1 |    12 |     5 ||    18
Dodge: Dodged            |     5 |     3 |    35 |    24 ||    67
